Map: Gresvan LE

Players

HeroMachine

  • Race: Terran Terran
  • League: Diamond
  • Spawn Location: 11:00

DankCraft - Winner!

  • Race: Zerg Zerg
  • League: Diamond
  • Spawn Location: 5:00

VOD

Have the link to the VOD?

Description

Time

  • Played on: Feb. 2, 2023, 5:20 p.m.
  • Length: 4:29
Show
View Real Time Build Order
Export as new Build Order

HeroMachine Terran 

Build Orders: Reaper Expand 

Get SALT Encoding   

  12  0:00  SCV  
  13  0:12  SCV  
  14  0:17  Supply Depot  
  14  0:24  SCV  
  15  0:38  SCV  
  15  0:39  Barracks  
  16  0:44  Refinery  
  16  0:50  SCV  
  17  1:03  SCV  
  18  1:15  SCV  
  19  1:27  Orbital Command  
  19  1:30  Reaper  
  20  1:46  Command Center  
  20  1:55  SCV  
  20  1:59  Supply Depot  
  21  2:01  Marine  
  21  2:07  SCV  
  23  2:13  Factory  
  23  2:20  SCV  
  23  2:22  Refinery  
  24  2:29  Barracks Reactor  
  24  2:34  SCV  
  25  2:46  SCV  
  27  2:58  SCV  
  27  3:01  Bunker  
  27  3:02  Factory Tech Lab  
  27  3:08  Orbital Command  
  25  3:28  Siege Tank  
  23  3:44  Marine x2  
Show
View Real Time Build Order
Export as new Build Order

DankCraft Zerg - Winner!

Build Orders: Pool First 

Get SALT Encoding   

  12  0:01  Drone  
  13  0:14  Extractor  
  12  0:19  Drone x2  
  14  0:40  Spawning Pool, Drone  
  14  0:56  Overlord  
  14  1:22  Burrow  
  14  1:32  Hatchery  
  13  1:40  Drone  
  13  1:41  Drone  
  15  1:59  Roach Warren  
  14  2:02  Drone  
  14  2:08  Drone  
  16  2:12  Drone  
  17  2:30  Overlord  
  17  2:34  Spine Crawler  
  15  2:40  Roach  
  16  2:50  Roach  
  18  2:57  Roach  
  20  3:07  Roach  
  22  3:13  Roach x2  
  22  3:20  Roach  
  22  3:21  Roach x2  
  24  3:31  Roach  
  24  3:32  Roach  
  26  3:34  Roach  
  26  3:41  Roach x2  
  26  3:42  Roach  
Tags
 
Add a new tag
Caveats
  • Supply blocks, unpowered buildings, or Contaminate may cause inaccurate times.
  • Supply counts are checked every 10 seconds.